 Dungeon Crawl Stone Soup version 0.28-a0-657-g71136c5590 (webtiles) character file.

Game seed: 17843970422057790286

625 freelancePsychic the Magician (level 7, -3/54 HPs)
             Began as a Djinni Cinder Acolyte on Oct 13, 2021.
             Was a High Priest of Ignis.
             Slain by Natasha (8 damage)
             ... on level 4 of the Dungeon.
             The game lasted 00:08:18 (4679 turns).

freelancePsychic the Magician (DjCA)                Turns: 4679, Time: 00:08:19

Health: -3/54      AC:  3    Str: 10 (13) XL:     7   Next: 76%
Gold:   36         EV: 11    Int: 17      God:    Ignis [*****.] SH:  0 Dex:  6 (9)

rFire   + + +      SeeInvis .   n - +2 short sword (drain)
rCold   x . .      Faith    .   (no shield)
rNeg    . . .      Spirit   .   f - +0 robe
rPois   ∞          Reflect  .   g - +0 helmet
rElec   .          Harm     .   (no cloak)
rCorr   .          Rampage  .   (no gloves)
Will    .....                   (boots unavailable)
Stlth   +.........              (no amulet)
HPRegen 0.18/turn               (no ring)
MPRegen 0.00/turn               (no ring)

@: flying, very slightly contaminated, slowed, very slow
A: sickness immunity, fire resistance 2, cold vulnerability 1, float, innate
caster, hp casting, extra vitality 1
a: Renounce Religion, Sea of Fire, Foxfire Swarm, Rising Flame


You were on level 4 of the Dungeon.
You worshipped Ignis.
Ignis was extremely pleased with you.
You visited 1 branch of the dungeon, and saw 4 of its levels.

You collected 108 gold pieces.
You spent 72 gold pieces at shops.

Inventory:

Hand Weapons
 n - a +2 short sword of draining (weapon)
Missiles
 c - 8 poisoned darts
Armour
 f - a +0 robe (worn)
 g - a +0 helmet (worn)
Magical Staves
 b - a staff of cold
Jewellery
 u - a ring of wizardry
Wands
 o - a wand of flame (11)
Scrolls
 e - a scroll of vulnerability
 h - a scroll of fear {unknown}
 i - a scroll of enchant armour {unknown}
 l - 2 scrolls of silence
 p - 2 scrolls of noise
 t - a scroll of magic mapping {unknown}
Potions
 a - a potion of invisibility
 d - a potion of berserk rage {unknown}
 j - a potion of flight
 k - 3 potions of degeneration
 m - 3 potions of brilliance {unknown}
 r - a potion of heal wounds {unknown}


   Skills:
 + Level 5.3 Fighting
 - Level 2.6 Short Blades
 * Level 5.5 Spellcasting


You had 9 spell levels left.
You knew the following spells:

 Your Spells              Type           Power      Damage    Failure   Level
a - Scorch                Fire           46%        2d7       2%          2
b - Poisonous Vapours     Pois/Air       46%        N/A       2%          2
c - Stone Arrow           Conj/Erth      46%        3d9       4%          3
z - Pain                  Necr           92%        1d8       1%          1
Your spell library was empty.

Dungeon Overview and Level Annotations

Branches:
Dungeon (4/15)
 Temple: D:4-7

Altars:
Gozag
Vehumet
Yredelemnul

Shops:
D:1 *

Annotations:
D:3 Grinder
D:4 Edmund, Natasha


Innate Abilities, Weirdness & Mutations

You are immune to sickness and miasma.
You are immune to poison.
Your flesh is very heat resistant. (rF++)
You are vulnerable to cold. (rC-)
You float through the air rather than walking.
You learn spells naturally, not from books.
Your magical power is your life essence.
You have superior vitality. (+4 HP)


Message History

Casting: Stone Arrow (dangerous; 4% risk of failure)
Confirm with . or Enter, or press ? or * to list all spells.
Aiming: Poisonous Vapours (safe; 2% risk of failure)
Press: ? - help, Dir - move target, f - Natasha
Aim: Natasha Poisonous vapours surround Natasha!
Natasha is poisoned.
The stone arrow hits Natasha!
Natasha is heavily wounded.
Natasha mumbles some strange words.
Natasha casts a spell.
Casting: Stone Arrow (dangerous; 4% risk of failure)
Confirm with . or Enter, or press ? or * to list all spells.
Aiming: Poisonous Vapours (safe; 2% risk of failure)
Press: ? - help, Dir - move target, f/p - Natasha
Aim: Natasha (severely wounded, very poisoned) Poisonous vapours surround Natasha!
Natasha looks as sick as possible!
The white imp shouts, "Remove thy stench, thou skyhacking toenail-biting slabber!"
The white imp hits you. The white imp freezes you.
You feel a terrible chill!
The crimson imp blinks!
Casting: Poisonous Vapours (safe; 2% risk of failure)
Confirm with . or Enter, or press ? or * to list all spells.
Aiming: Stone Arrow (dangerous; 4% risk of failure)
Press: ? - help, Shift-Dir - straight line, f/p - Natasha
Aim: Natasha (severely wounded, extremely poisoned, 64% to hit)
You miscast Stone Arrow.
You are very lightly contaminated with residual magic.
Nothing appears to happen.
Natasha wildly gestures.
You feel troubled. Natasha claws you but does no damage.
The white imp gestures at you. The puff of frost hits you!
You feel a terrible chill!
Natasha stares at you and mumbles some strange words.
The magic dart hits you!
* * * LOW HITPOINT WARNING * * *
The white imp hits you.
* * * LOW HITPOINT WARNING * * *
The white imp freezes you.
You feel a terrible chill!
* * * LOW HITPOINT WARNING * * *
The crimson imp blinks!
Natasha claws you!
You die...

#.#. ###.#..... ###
#.#.# #.#..[.#.#
....##.#.###........#
............#........#
........(...#...>...#
#..........#.......#
#..........#.....#
#..............@5##
#..........##+##h.#
##..........# #..#
#...........# #....
#..........## ##.....
#......##### #..5..#
#......# .....#
#......# .....#
#......# .....#


You could see Natasha (extremely poisoned), a crimson imp (summoned) and a white
imp (summoned).

Vanquished Creatures
  Sigmund (D:3)
  Eustachio (D:4)
  A sky beast (D:3)
  A bullfrog (D:4)
  A hound (D:4)
  8 adders
  A worm (D:2)
  2 dart slugs (D:2)
  2 orcs
  7 endoplasms
  2 giant cockroaches (D:1)
  4 goblins
  2 hobgoblins
  4 jackals (D:1)
  7 kobolds
  5 quokkas
  12 ball pythons
  3 bats
  4 rats
68 creatures vanquished.

Vanquished Creatures (others)
  2 plants (D:3)
2 creatures vanquished.

Grand Total: 70 creatures vanquished

Notes
Turn   | Place    | Note
-------+----------+-------------------------------------------
     0 | D:1      | freelancePsychic the Djinni Cinder Acolyte began the quest
                  | for the Orb.
     0 | D:1      | Reached XP level 1. HP: 20/20 MP: 0/0
   422 | D:1      | Reached XP level 2. HP: 25/25 MP: 0/0
  1136 | D:1      | Reached XP level 3. HP: 30/30 MP: 0/0
  1136 | D:1      | Learned a level 1 spell: Pain
  1283 | D:1      | Found Kefekh's Assorted Antiques.
  1289 | D:1      | Bought a scroll labelled BAGANEU BAIN for 18 gold pieces
  1876 | D:2      | Reached XP level 4. HP: 28/35 MP: 0/0
  2673 | D:2      | Found an opulent altar of Gozag.
  2745 | D:1      | Bought a scroll labelled BAGANEU BAIN for 18 gold pieces
  2834 | D:3      | Noticed Grinder
  2834 | D:3      | Noticed a sky beast
  2875 | D:3      | Killed a sky beast
  2876 | D:3      | Reached XP level 5. HP: 32/41 MP: 0/0
  2876 | D:3      | Learned a level 2 spell: Poisonous Vapours
  3016 | D:3      | Noticed Sigmund
  3023 | D:3      | Killed Sigmund
  3024 | D:3      | Reached XP level 6. HP: 33/48 MP: 0/0
  3415 | D:4      | Reached XP level 7. HP: 46/53 MP: 0/0
  3415 | D:4      | Learned a level 3 spell: Stone Arrow
  3726 | D:3      | Found a faded altar of an unknown god.
  3815 | D:3      | Found a basalt altar of Yredelemnul.
  4022 | D:1      | Bought 2 scrolls labelled JOFREWU SOCS for 36 gold pieces
  4130 | D:4      | Noticed Eustachio
  4141 | D:4      | Reached skill level 5 in Fighting
  4141 | D:4      | Reached skill level 5 in Spellcasting
  4147 | D:4      | Noticed Edmund
  4155 | D:4      | Killed Eustachio
  4672 | D:4      | Noticed Natasha
  4679 | D:4      | Slain by Natasha

Illustrated notes

Levels and vault maps discovered:
D:1:      dpeg_arrival_tiny_j, layout_basic, serial_shops, nicolae_square_shop
D:2:      layout_rooms, basic_altar
D:3:      layout_basic, lemuel_tele_altar, mainiacjoe_overflow_chevrons,
          ebering_ecumenical_altar_petrified, minmay_snake_closets,
          uniq_grinder, uniq_sigmund
D:4:      layout_basic, minmay_goblin_kobold_house, uniq_edmund, uniq_eustachio,
          uniq_natasha

Skill      XL: |  1  2  3  4  5  6  7 |
---------------+----------------------+-----
Spellcasting   | 3 4 5 |  5.5
Fighting       | 4 5 |  5.3
Short Blades   | |  2.6

Action                   |  1- 3 |  4- 6 |  7- 9 || total
-------------------------+-------+-------+-------++-------
Melee: Short sword       |    18 |       |       ||    18
Throw: Dart              |    15 |       |       ||    15
 Cast: Scorch            |    27 |    42 |       ||    69
       Pain              |       |     1 |       ||     1
       Poisonous Vapours |       |     2 |    14 ||    16
       Stone Arrow       |       |       |    19 ||    19
  Use: Scroll            |       |       |     6 ||     6
       Potion            |       |       |     4 ||     4
Armor: Robe              |     6 |       |     5 ||    11
Dodge: Dodged            |    25 |     2 |    10 ||    37

Table legend: (Time is in decaauts)
 A = Elapsed time spent in this place.
 B = Non-inter-level travel time spent in this place.
 C = Inter-level travel time spent in this place.
 D = Time resting spent in this place.
 E = Time spent auto-exploring this place.
 F = Levels seen in this place.
 G = Mean time per level.
                   A        B        C        D        E       F      G
               +--------+--------+--------+--------+--------+-----+--------+
         Total |   4685 |   4383 |    302 |    886 |   2960 |   4 | 1171.2 |
       Dungeon |   4685 |   4383 |    302 |    886 |   2960 |   4 | 1171.2 |
               +--------+--------+--------+--------+--------+-----+--------+

Top non-repeatable levels by time:
     D:1: 1750 daAuts
     D:2: 1179 daAuts
     D:3: 980 daAuts
     D:4: 776 daAuts
